General information
- name: BNet
- type: Ladder team game (AT/RT)
- host: Battle.net
- saver: cascadesown
map: MarketSquare
- players: 8
- length: 51:32
- speed: Fast
- version: 1.26 W3XP
- replay type: Public
» download(247 KB)
Players
team 1 (loser)

»
PsyC (
orange | 35 APM | 379 actions | 10:48)
1 Archmage
1 Blizzard
» actions
| Build / train | 36 | |
| Enter build submenu | 29 | |
| Enter hero's abilities submenu | 1 | |
| Right click | 129 | |
| Select / deselect | 143 | |
| Use ability | 41 | |
379 total
» units
| Peasant | 11 | |
| Footman | 3 | |
| Mortar Team | 3 | |
17 total
» upgrades
| Masonry | 2 | |
| Swords | 1 | |
| Lumber Harvesting | 1 | |
| Gunpowder | 1 | |
5 total
» buildings
| Farm | 13 | |
| Altar of Kings | 1 | |
| Barracks | 1 | |
| Scout Tower | 16 | |
| Lumber Mill | 1 | |
| Arcane Vault | 1 | |
| Guard Tower | 9 | |
| Keep | 2 | |
| Blacksmith | 1 | |
| Workshop | 2 | |
| Castle | 1 | |
48 total
» build order
00:38 Farm
00:42 Altar of Kings
00:55 Farm
01:12 Barracks
01:43 Scout Tower
01:47 Scout Tower
02:08 Lumber Mill
02:14 Scout Tower
02:18 Scout Tower
02:28 Arcane Vault
03:05 Farm
03:09 Farm
03:10 Farm
03:12 Farm
03:15 Farm
03:16 Farm
03:19 Farm
03:22 Farm
03:24 Farm
03:26 Farm
03:28 Farm
03:58 Guard Tower
04:10 Guard Tower
04:13 Guard Tower
04:14 Guard Tower
04:42 Keep
04:42 Keep
04:58 Scout Tower
05:02 Scout Tower
05:09 Scout Tower
05:11 Scout Tower
05:20 Scout Tower
05:22 Scout Tower
05:33 Blacksmith
07:31 Guard Tower
07:37 Workshop
07:40 Workshop
07:52 Guard Tower
08:10 Guard Tower
08:16 Scout Tower
08:22 Scout Tower
09:04 Castle
09:09 Guard Tower
10:16 Guard Tower
10:19 Scout Tower
10:23 Scout Tower
10:35 Scout Tower
DuneBuggy (
red | 59 APM | 3058 actions | 51:31)
9 Blademaster
3 Wind Walk
3 Critical Strike
1 Bladestorm
2 Mirror Image
» actions
| Assign group hotkey | 27 | |
| Basic commands | 321 | |
| Build / train | 71 | |
| Enter build submenu | 55 | |
| Enter hero's abilities submenu | 9 | |
| Give item / drop item | 5 | |
| Remove unit from queue | 2 | |
| Right click | 1569 | |
| Select / deselect | 459 | |
| Select group hotkey | 262 | |
| Use ability | 278 | |
3058 total
» units
» upgrades
| Reinforced Defenses | 1 | |
| Ranged Weapons | 3 | |
| Armor | 4 | |
| Pillage | 1 | |
| Envenomed Spears | 1 | |
| Liquid Fire | 1 | |
11 total
» buildings
| Orc Burrow | 6 | |
| Altar of Storms | 1 | |
| Barracks | 1 | |
| Voodoo Lounge | 1 | |
| Stronghold | 1 | |
| War Mill | 2 | |
| Great Hall | 4 | |
| Watch Tower | 41 | |
| Fortress | 1 | |
| Beastiary | 4 | |
62 total
» build order
00:11 Orc Burrow
01:05 Orc Burrow
01:10 Altar of Storms
01:12 Barracks
02:18 Voodoo Lounge
02:49 Stronghold
04:00 War Mill
05:10 Great Hall
05:32 Orc Burrow
05:33 Orc Burrow
06:38 Watch Tower
06:39 Watch Tower
06:39 Watch Tower
06:40 Watch Tower
08:14 Fortress
10:16 Beastiary
10:17 Beastiary
10:17 Beastiary
10:18 Beastiary
11:19 Orc Burrow
11:21 Orc Burrow
17:24 War Mill
19:48 Great Hall
19:55 Watch Tower
19:56 Watch Tower
19:57 Watch Tower
19:57 Watch Tower
21:47 Watch Tower
21:48 Watch Tower
21:50 Watch Tower
21:51 Watch Tower
23:15 Watch Tower
23:16 Watch Tower
23:16 Watch Tower
23:17 Watch Tower
23:19 Watch Tower
23:19 Watch Tower
23:21 Watch Tower
23:21 Watch Tower
23:27 Watch Tower
23:28 Watch Tower
23:32 Watch Tower
23:35 Watch Tower
23:37 Watch Tower
28:51 Watch Tower
28:52 Watch Tower
28:52 Watch Tower
28:53 Watch Tower
28:57 Watch Tower
28:59 Watch Tower
29:00 Watch Tower
29:01 Watch Tower
29:08 Great Hall
30:01 Great Hall
30:07 Watch Tower
30:07 Watch Tower
30:09 Watch Tower
30:10 Watch Tower
30:24 Watch Tower
30:25 Watch Tower
30:26 Watch Tower
30:26 Watch Tower
» items
| Healing Salve | 1 | |
| Lesser Clarity Potion | 1 | |
| Scroll of Town Portal | 2 | |
| Orb of Lightning | 1 | |
| Potion of Healing | 2 | |
| Periapt of Vitality | 1 | |
| Staff of Teleportation | 1 | |
9 total
dominicdeasey (
pink | 43 APM | 1813 actions | 42:03)
7 Warden
3 Fan of Knives
3 Blink
1 Shadow Strike
» actions
| Assign group hotkey | 27 | |
| Basic commands | 9 | |
| Build / train | 111 | |
| ESC pressed | 1 | |
| Enter build submenu | 43 | |
| Enter hero's abilities submenu | 7 | |
| Give item / drop item | 2 | |
| Remove unit from queue | 5 | |
| Right click | 776 | |
| Select / deselect | 334 | |
| Select group hotkey | 361 | |
| Use ability | 137 | |
1813 total
» units
| Wisp | 35 | |
| Archer | 5 | |
| Huntress | 1 | |
| Druid of the Claw | 6 | |
| Mortar Team | 6 | |
| Siege Engine | 9 | |
| Hippogryph | 9 | |
71 total
» upgrades
| Reinforced Hides | 3 | |
| Strength of the Wild | 3 | |
| Druid of the Claw Training | 2 | |
| Fragmentation Shards | 1 | |
| Barrage | 1 | |
| Mark of the Claw | 1 | |
| Well Spring | 1 | |
| Ultravision | 1 | |
13 total
» buildings
| Altar of Elders | 1 | |
| Moon Well | 8 | |
| Ancient of War | 1 | |
| Tree of Ages | 2 | |
| Hunter's Hall | 1 | |
| Ancient of Lore | 2 | |
| Ancient of Wonders | 3 | |
| Ancient Protector | 15 | |
| Tree of Eternity | 1 | |
| Ancient of Wind | 3 | |
| Tree of Life | 7 | |
44 total
» build order
00:53 Altar of Elders
00:58 Moon Well
01:22 Moon Well
01:32 Ancient of War
02:21 Moon Well
02:54 Moon Well
03:40 Tree of Ages
03:55 Hunter's Hall
05:01 Moon Well
07:30 Ancient of Lore
07:32 Ancient of Lore
07:40 Moon Well
07:45 Ancient of Wonders
08:45 Ancient Protector
10:12 Tree of Eternity
12:23 Moon Well
13:25 Ancient of Wind
13:27 Ancient of Wind
17:16 Tree of Life
18:02 Moon Well
18:07 Ancient Protector
18:10 Ancient Protector
20:39 Ancient of Wonders
21:51 Ancient Protector
26:25 Ancient Protector
26:26 Ancient Protector
26:27 Ancient Protector
26:28 Ancient Protector
26:30 Ancient Protector
26:36 Ancient Protector
27:58 Ancient of Wind
28:11 Tree of Life
28:37 Tree of Life
29:43 Tree of Life
29:47 Tree of Life
30:59 Tree of Life
31:04 Tree of Life
33:15 Ancient Protector
33:28 Ancient Protector
34:08 Ancient Protector
34:34 Ancient of Wonders
34:49 Ancient Protector
34:51 Ancient Protector
40:05 Tree of Ages
» items
| Staff of Teleportation | 1 | |
| Boots of Speed | 1 | |
| Potion of Lesser Invulnerability | 2 | |
| Potion of Healing | 2 | |
| Potion of Mana | 1 | |
| Scroll of Town Portal | 6 | |
| Orb of Venom | 1 | |
14 total

»
i_have_units (
teal | 40 APM | 2068 actions | 51:31)
6 Mountain King
3 Bash
2 Storm Bolt
1 Avatar
6 Paladin
2 Devotion Aura
3 Holy Light
1 Resurrection
6 Archmage
3 Brilliance Aura
2 Summon Water Elemental
1 Mass Teleport
» actions
| Assign group hotkey | 32 | |
| Basic commands | 215 | |
| Build / train | 183 | |
| Enter build submenu | 48 | |
| Enter hero's abilities submenu | 19 | |
| Remove unit from queue | 18 | |
| Right click | 415 | |
| Select / deselect | 567 | |
| Select group hotkey | 463 | |
| Use ability | 108 | |
2068 total
» units
| Peasant | 23 | |
| Rifleman | 7 | |
| Forest Troll High Priest | 6 | |
| Rogue | 12 | |
| Assassin | 11 | |
| Mortar Team | 1 | |
| Kobold Geomancer | 4 | |
| Flying Machine | -3 | |
61 total
» upgrades
| Masonry | 3 | |
| Swords | 3 | |
| Gunpowder | 5 | |
| Lumber Harvesting | 2 | |
| Long Rifles | 1 | |
| Armor | 3 | |
| Plating | 5 | |
| Flak Cannons | 1 | |
| Barrage | 1 | |
| Fragmentation Shards | 1 | |
| Flare | 1 | |
| Animal War Training | 1 | |
| Defend | 1 | |
| Flying Machine Bombs | 1 | |
| Magic Sentry | 1 | |
| Control Magic | 1 | |
| Sorceress Training | 2 | |
| Priest Training | 2 | |
| Backpack | 1 | |
36 total
» buildings
| Farm | 12 | |
| Lumber Mill | 2 | |
| Altar of Kings | 2 | |
| Scout Tower | 16 | |
| Arcane Tower | 2 | |
| Blacksmith | 1 | |
| Barracks | 1 | |
| Guard Tower | 10 | |
| Arcane Vault | 2 | |
| Keep | 1 | |
| Town Hall | 5 | |
| Workshop | 2 | |
| Castle | 1 | |
| Cannon Tower | 3 | |
| Arcane Sanctum | 1 | |
61 total
» build order
00:22 Farm
00:37 Lumber Mill
00:52 Altar of Kings
01:05 Farm
01:22 Scout Tower
01:51 Arcane Tower
02:03 Farm
02:15 Blacksmith
02:39 Barracks
02:43 Scout Tower
03:10 Guard Tower
03:46 Arcane Vault
03:58 Keep
05:52 Town Hall
05:55 Scout Tower
05:57 Scout Tower
06:58 Guard Tower
06:58 Guard Tower
07:00 Scout Tower
07:01 Scout Tower
07:27 Arcane Tower
07:28 Guard Tower
07:30 Arcane Vault
07:32 Scout Tower
08:26 Guard Tower
08:45 Farm
10:10 Scout Tower
10:45 Workshop
11:31 Castle
11:47 Farm
12:41 Cannon Tower
12:43 Scout Tower
13:20 Farm
13:21 Guard Tower
13:22 Farm
14:37 Farm
14:38 Farm
17:27 Scout Tower
17:30 Scout Tower
17:53 Workshop
19:08 Scout Tower
19:09 Scout Tower
20:06 Guard Tower
20:06 Guard Tower
20:06 Guard Tower
20:15 Farm
21:15 Town Hall
21:22 Farm
23:06 Scout Tower
23:07 Scout Tower
23:09 Scout Tower
23:53 Cannon Tower
23:57 Guard Tower
24:15 Cannon Tower
25:35 Arcane Sanctum
30:10 Town Hall
30:13 Town Hall
40:16 Town Hall
42:33 Farm
43:15 Lumber Mill
46:22 Altar of Kings
» items
| Potion of Healing | 1 | |
| Lesser Clarity Potion | 1 | |
| Scroll of Regeneration | 1 | |
| Staff of Sanctuary | 1 | |
| Orb of Fire | 4 | |
8 total
team 2 (winner)

»
Pumista (
yellow | 91 APM | 1717 actions | 18:47)
3 Mountain King
2 Storm Bolt
1 Bash
5 Death Knight
3 Death Coil
2 Unholy Aura
3 Lich
1 Frost Nova
2 Frost Armor
» actions
| Assign group hotkey | 243 | |
| Build / train | 99 | |
| Enter build submenu | 43 | |
| Enter hero's abilities submenu | 11 | |
| Give item / drop item | 1 | |
| Remove unit from queue | 9 | |
| Right click | 722 | |
| Select / deselect | 348 | |
| Select group hotkey | 149 | |
| Use ability | 92 | |
1717 total
» units
| Acolyte | 7 | |
| Peasant | 13 | |
| Ghoul | 4 | |
| Footman | 4 | |
| Crypt Fiend | 4 | |
| Frost Wyrm | 4 | |
| Gryphon Rider | 9 | |
45 total
» upgrades
| Web | 1 | |
| Freezing Breath | 1 | |
| Creature Attack | 2 | |
| Storm Hammers | 1 | |
| Lumber Harvesting | 1 | |
6 total
» buildings
| Farm | 7 | |
| Altar of Kings | 1 | |
| Ziggurat | 8 | |
| Altar of Darkness | 1 | |
| Crypt | 1 | |
| Barracks | 1 | |
| Tomb of Relics | 1 | |
| Graveyard | 1 | |
| Nerubian Tower | 2 | |
| Scout Tower | 6 | |
| Arcane Tower | 5 | |
| Arcane Vault | 1 | |
| Halls of the Dead | 1 | |
| Keep | 6 | |
| Lumber Mill | 1 | |
| Town Hall | 1 | |
| Black Citadel | 1 | |
| Sacrificial Pit | 1 | |
| Castle | 1 | |
| Guard Tower | 2 | |
| Boneyard | 2 | |
| Gryphon Aviary | 2 | |
| Spirit Tower | 1 | |
| Blacksmith | 1 | |
55 total
» build order
00:30 Farm
00:46 Altar of Kings
00:59 Ziggurat
01:03 Altar of Darkness
01:06 Crypt
01:11 Barracks
01:17 Tomb of Relics
01:22 Ziggurat
01:27 Graveyard
01:33 Ziggurat
01:44 Farm
01:59 Nerubian Tower
02:07 Scout Tower
02:14 Scout Tower
02:25 Farm
02:36 Nerubian Tower
02:48 Arcane Tower
03:08 Arcane Vault
03:15 Arcane Tower
03:42 Halls of the Dead
04:07 Keep
04:07 Keep
04:08 Keep
04:41 Ziggurat
04:48 Lumber Mill
05:48 Town Hall
06:08 Black Citadel
06:12 Sacrificial Pit
06:24 Scout Tower
06:36 Ziggurat
06:46 Scout Tower
07:02 Arcane Tower
07:02 Arcane Tower
07:29 Scout Tower
07:39 Farm
07:52 Castle
07:59 Guard Tower
08:09 Guard Tower
09:06 Boneyard
09:06 Boneyard
09:28 Gryphon Aviary
10:38 Gryphon Aviary
10:44 Ziggurat
11:20 Scout Tower
11:27 Spirit Tower
11:33 Farm
11:45 Ziggurat
11:56 Ziggurat
12:14 Arcane Tower
14:09 Farm
16:49 Farm
16:53 Blacksmith
» items
| Rod of Necromancy | 1 | |
| Scroll of Regeneration | 1 | |
| Potion of Healing | 2 | |
| Dust of Appearance | 1 | |
| Scroll of Town Portal | 1 | |
6 total
cascadesown (
purple | 86 APM | 4456 actions | 51:32)
10 Archmage
3 Summon Water Elemental
3 Brilliance Aura
1 Mass Teleport
3 Blizzard
1 Far Seer
1 Chain Lighting
1 Mountain King
1 Bash
» actions
| Assign group hotkey | 142 | |
| Basic commands | 109 | |
| Build / train | 209 | |
| ESC pressed | 1 | |
| Enter build submenu | 53 | |
| Enter hero's abilities submenu | 12 | |
| Give item / drop item | 6 | |
| Right click | 1849 | |
| Select / deselect | 523 | |
| Select group hotkey | 1052 | |
| Use ability | 500 | |
4456 total
» units
| Peasant | 26 | |
| Footman | 10 | |
| Gryphon Rider | 16 | |
| Mortar Team | 2 | |
| Dragonhawk Rider | 1 | |
55 total
» upgrades
| Masonry | 4 | |
| Swords | 3 | |
| Armor | 3 | |
| Animal War Training | 1 | |
| Storm Hammers | 1 | |
| Gunpowder | 3 | |
| Fragmentation Shards | 1 | |
16 total
» buildings
| Altar of Kings | 1 | |
| Barracks | 1 | |
| Farm | 7 | |
| Lumber Mill | 2 | |
| Arcane Vault | 1 | |
| Town Hall | 3 | |
| Scout Tower | 30 | |
| Keep | 3 | |
| Guard Tower | 63 | |
| Castle | 3 | |
| Gryphon Aviary | 3 | |
| Blacksmith | 1 | |
| Workshop | 1 | |
| Arcane Tower | 5 | |
124 total
» build order
00:56 Altar of Kings
00:58 Barracks
01:00 Farm
01:06 Farm
01:24 Farm
02:08 Lumber Mill
02:21 Farm
02:23 Arcane Vault
04:02 Farm
05:04 Town Hall
05:06 Scout Tower
05:07 Scout Tower
05:08 Scout Tower
05:25 Keep
05:25 Keep
05:51 Guard Tower
05:51 Guard Tower
05:51 Guard Tower
06:50 Scout Tower
07:08 Scout Tower
07:22 Guard Tower
07:22 Guard Tower
07:23 Guard Tower
07:24 Scout Tower
07:29 Scout Tower
07:36 Guard Tower
07:37 Guard Tower
07:37 Scout Tower
07:46 Scout Tower
07:47 Scout Tower
07:55 Scout Tower
07:58 Scout Tower
08:04 Guard Tower
08:04 Guard Tower
08:13 Guard Tower
08:40 Guard Tower
08:40 Guard Tower
08:41 Guard Tower
08:42 Guard Tower
08:42 Guard Tower
08:42 Guard Tower
08:42 Guard Tower
08:48 Scout Tower
09:32 Castle
09:33 Guard Tower
09:34 Guard Tower
11:23 Gryphon Aviary
11:24 Gryphon Aviary
11:28 Blacksmith
11:33 Scout Tower
12:34 Guard Tower
13:22 Scout Tower
13:22 Scout Tower
13:28 Scout Tower
15:33 Guard Tower
15:34 Guard Tower
15:34 Guard Tower
15:34 Guard Tower
15:39 Scout Tower
15:40 Scout Tower
16:14 Guard Tower
16:14 Guard Tower
16:46 Guard Tower
16:46 Guard Tower
20:22 Scout Tower
20:23 Scout Tower
20:54 Guard Tower
20:54 Guard Tower
20:58 Scout Tower
21:03 Scout Tower
21:40 Guard Tower
21:40 Guard Tower
21:41 Guard Tower
21:41 Guard Tower
21:43 Guard Tower
21:43 Guard Tower
21:44 Guard Tower
21:50 Scout Tower
21:51 Scout Tower
22:17 Workshop
22:30 Guard Tower
22:30 Guard Tower
22:58 Guard Tower
22:59 Guard Tower
22:59 Guard Tower
22:59 Guard Tower
23:01 Guard Tower
23:01 Guard Tower
23:01 Guard Tower
30:19 Scout Tower
30:20 Scout Tower
31:03 Arcane Tower
31:03 Arcane Tower
31:03 Arcane Tower
32:50 Town Hall
32:54 Scout Tower
33:14 Scout Tower
33:15 Scout Tower
33:35 Guard Tower
33:35 Guard Tower
35:06 Farm
35:06 Farm
35:54 Gryphon Aviary
41:36 Lumber Mill
44:44 Town Hall
» items
| Scroll of Regeneration | 10 | |
| Mechanical Critter | 7 | |
| Periapt of Vitality | 1 | |
| Scroll of Town Portal | 5 | |
| Staff of Sanctuary | 1 | |
| Potion of Healing | 4 | |
28 total

»
infierno (
green | 38 APM | 726 actions | 19:02)
4 Far Seer
2 Feral Spirit
2 Chain Lighting
2 Shadow Hunter
1 Hex
1 Serpent Ward
1 Tauren Chieftain
1 Shockwave
» actions
| Build / train | 58 | |
| Enter build submenu | 17 | |
| Enter hero's abilities submenu | 7 | |
| Give item / drop item | 1 | |
| Right click | 309 | |
| Select / deselect | 281 | |
| Use ability | 53 | |
726 total
» units
| Peon | 11 | |
| Grunt | 7 | |
| Shaman | 3 | |
| Troll Witch Doctor | 3 | |
| Tauren | 3 | |
27 total
» upgrades
| Pillage | 1 | |
| Armor | 2 | |
| Melee Weapons | 2 | |
| Shaman Training | 2 | |
| Witch Doctor Training | 3 | |
| Pulverize | 1 | |
11 total
» buildings
| Orc Burrow | 5 | |
| Altar of Storms | 1 | |
| Barracks | 1 | |
| Voodoo Lounge | 1 | |
| Stronghold | 1 | |
| War Mill | 1 | |
| Spirit Lodge | 2 | |
| Fortress | 1 | |
| Great Hall | 1 | |
| Tauren Totem | 2 | |
| Watch Tower | 2 | |
18 total
» build order
00:31 Orc Burrow
00:34 Altar of Storms
01:12 Barracks
01:26 Orc Burrow
01:56 Voodoo Lounge
02:52 Orc Burrow
04:40 Stronghold
04:47 War Mill
06:13 Orc Burrow
07:37 Spirit Lodge
07:40 Spirit Lodge
07:48 Fortress
08:59 Great Hall
10:22 Tauren Totem
10:52 Tauren Totem
12:58 Orc Burrow
17:36 Watch Tower
17:38 Watch Tower
» items
| Healing Salve | 2 | |
| Orb of Lightning | 1 | |
| Boots of Speed | 1 | |
| Lesser Clarity Potion | 3 | |
| Scroll of Town Portal | 1 | |
8 total
Chat log
(00:10 / Allies) Pumista: I TAKE
(00:14 / Allies) Pumista: RUSH OR CC?
(00:17 / Allies) cascadesown: cc
(00:22 / Allies) Pumista: OK
(00:23 / Allies) Pumista: FOOT
(00:25 / Allies) Pumista: FROST
(00:27 / Allies) Pumista: MKI DK
(00:55 / Allies) infierno: tauren shamn docs
(01:05 / Allies) infierno: fs sh tc
(06:42 / Allies) cascadesown: ty
(08:43 / All) DuneBuggy: lawl went right for it ya mher
(09:13 / Allies) Pumista: ALLMIDLE
(09:50 / All) DuneBuggy: You mad a big mistake motherfucker
(10:48 / All) DuneBuggy: yelllow
(13:17 / All) DuneBuggy: fucking mher
(13:23 / All) DuneBuggy: don't tell me you arn't
(16:36 / Allies) cascadesown: ?
(17:01 / Allies) Pumista: WOW
(17:03 / Allies) Pumista: ATACK SOLOS
(17:04 / Allies) Pumista: GOOD JOB
(17:30 / Allies) Pumista: PURPLE GO
(17:35 / Allies) cascadesown: ?
(17:37 / Allies) cascadesown: where go?
(18:16 / Allies) Pumista: POURPOLE
(18:17 / Allies) Pumista: WTF
(18:19 / All) DuneBuggy: nice mask queer
(18:20 / Allies) cascadesown: ?
(18:30 / Allies) Pumista: GOOD JOB
(18:30 / Allies) infierno: purp idiot
(18:32 / Allies) Pumista: ATACK SOLO
(18:36 / Allies) Pumista: IDIOTS
(18:38 / Allies) cascadesown: thank you
(18:38 / Allies) Pumista: FUCK ALL
(18:41 / Allies) cascadesown: glad you think i do good job
(18:46 / All) DuneBuggy: Faggot
(42:53 / All) cascadesown: You lose teal
(43:07 / All) i_have_units: time to start playing again
(44:10 / All) cascadesown: no divine shield lol
(44:20 / All) i_have_units: red will take me out anyway
(44:34 / All) DuneBuggy: that's such a defeatist attitude
(45:36 / All) cascadesown: You have my permission to leave now, teal
(48:27 / All) cascadesown: No flying machine for you, pal
(48:49 / All) cascadesown: only place you're flying is to the defeat screen buddy
(48:51 / All) cascadesown: you lose teal
(49:08 / All) cascadesown: how's it feel to have another loss on your miserable record? 47-53 now
(49:15 / All) i_have_units: great
(50:55 / All) DuneBuggy: 1 hp separates you from defeat
(51:12 / All) i_have_units: send in the pesants
(51:15 / All) DuneBuggy: The peon named Ogo Uggabog is on his way to deliver you that defeat
(51:30 / All) DuneBuggy: gg